MLB
CHICAGO WHITE SOX @ MINNESOTA TWINS
04/15/2045
 
TOP OF THE 1ST
Chicago White Sox batting - Pitching for Minnesota Twins : LHP Brett Grijalva
Pitching: LHP Brett Grijalva
Batting: SHB Dan Lash 0-0: Called Strike
0-1: SINGLE (Groundball, 56D, EV 98.1 MPH)
Batting: RHB Steve Castleberry 0-0: Called Strike
0-1: Ball
1-1: Ball
2-1: Ball
3-1: Foul Ball, location: 2F
3-2: Fly out, F6 (Flyball, 6D, EV 75.6 MPH)
Batting: RHB Joseph Disepolo 0-0: Called Strike
0-1: Swinging Strike
0-2: Ball
1-2: DOUBLE (Line Drive, 7LM, EV 103.1 MPH)
Dan Lash to third
Batting: LHB Randy Rosenberry 0-0: Foul Ball, location: 2F
0-1: Ball
1-1: Swinging Strike
1-2: 3-RUN HOME RUN (Flyball, 89XD, EV 101.2 MPH), Distance : 401 ft
Batting: RHB Leo Navarro 0-0: Ball
1-0: Called Strike
1-1: Foul Ball, location: 2F
1-2: Strikes out swinging
Batting: LHB Jack Christie 0-0: Ball
1-0: SINGLE (Groundball, P, EV 82.5 MPH) (infield hit)
Batting: RHB Jason Moss 0-0: Ball
1-0: Ball
2-0: Ball
3-0: Called Strike
3-1: Called Strike
3-2: Foul Ball, location: 2F
3-2: Foul Ball, location: 2F
3-2: Ground out 6-3 (Groundball, 4M, EV 102.5 MPH)
Top of the 1st over - 3 runs, 4 hits, 0 errors, 1 left on base; Chicago 3 - Minnesota 0
BOTTOM OF THE 1ST
Minnesota Twins batting - Pitching for Chicago White Sox : LHP Jaden Asante
Pitching: LHP Jaden Asante
Batting: LHB Peer Derks 0-0: Called Strike
0-1: Called Strike
0-2: Foul Ball, location: 2F
0-2: Foul Ball, location: 2F
0-2: Ground out U3 (Groundball, 13, EV 85.0 MPH)
Batting: LHB Joel Kunkler 0-0: Called Strike
0-1: SOLO HOME RUN (Flyball, 9LD, EV 100.6 MPH), Distance : 372 ft
Batting: RHB Matthew Starr 0-0: Called Strike
0-1: DOUBLE (Flyball, 8LXD, EV 108.8 MPH)
Batting: RHB Jesse Scott 0-0: Ball
1-0: Called Strike
1-1: Foul Ball, location: 2F
1-2: SINGLE (Groundball, 56D, EV 105.6 MPH)
Matthew Starr to third
Runner from 3rd tries for Home, SAFE, throw by LF to home
Jesse Scott to second
Batting: RHB José Molina 0-0: Called Strike
0-1: Foul Ball, location: 2F
0-2: Hit by Pitch
Batting: RHB Jimmy Buzard 0-0: Called Strike
Jesse Scott steals 3rd base
José Molina to second
0-1: Ground out 5-3 (Groundball, 56, EV 85.6 MPH)
Jesse Scott scores
Batting: RHB Yonetoshi Muranaka 0-0: Fly out, F8 (Flyball, 8RM, EV 95.6 MPH)
Bottom of the 1st over - 3 runs, 3 hits, 0 errors, 1 left on base; Chicago 3 - Minnesota 3
TOP OF THE 2ND
Chicago White Sox batting - Pitching for Minnesota Twins : LHP Brett Grijalva
Batting: SHB Eduardo Maldonado 0-0: Called Strike
0-1: Called Strike
0-2: Ball
1-2: Ball
2-2: Ball
3-2: Ground out 5-3 (Groundball, 56, EV 99.4 MPH)
Batting: LHB Antonio Figueroa 0-0: Called Strike
0-1: Ball
1-1: Ball
2-1: Foul Ball, location: 2F
2-2: Ball
3-2: Strikes out swinging
Batting: SHB Dan Lash 0-0: SINGLE (Groundball, 6MD, EV 103.8 MPH)
Batting: RHB Steve Castleberry 0-0: Swinging Strike
0-1: Hit by Pitch
Dan Lash to second
Batting: RHB Joseph Disepolo 0-0: Ball
1-0: Ball
2-0: Swinging Strike
2-1: SINGLE (Groundball, 3D, EV 103.1 MPH)
Dan Lash to third
Steve Castleberry to second
Runner from 3rd tries for Home, SAFE, throw by RF to trailing runner, OUT at third! 9-3-5
Top of the 2nd over - 1 run, 2 hits, 0 errors, 1 left on base; Chicago 4 - Minnesota 3
BOTTOM OF THE 2ND
Minnesota Twins batting - Pitching for Chicago White Sox : LHP Jaden Asante
Batting: LHB Gerardo Flores 0-0: Ball
1-0: Hit by Pitch
Batting: RHB Brett Steele 0-0: Ball
Gerardo Flores steals 2nd, throwing error, E2
Gerardo Flores to third
1-0: Ball
2-0: Ball
3-0: Called Strike
3-1: Foul Ball, location: 2F
3-2: Ground out 4-3 (Groundball, 4, EV 107.5 MPH)
Gerardo Flores scores
Batting: LHB Peer Derks 0-0: Ball
1-0: Called Strike
1-1: Foul Ball, location: 2F
1-2: Strikes out swinging
Batting: LHB Joel Kunkler 0-0: SINGLE (Groundball, 6MD, EV 101.9 MPH)
Batting: RHB Matthew Starr 0-0: Called Strike
0-1: Ball
1-1: Ball
2-1: Called Strike
2-2: Strikes out looking
Bottom of the 2nd over - 1 run, 1 hit, 1 error, 1 left on base; Chicago 4 - Minnesota 4
TOP OF THE 3RD
Chicago White Sox batting - Pitching for Minnesota Twins : LHP Brett Grijalva
Batting: LHB Randy Rosenberry 0-0: Called Strike
0-1: Foul Ball, location: 2F
0-2: Strikes out swinging
Batting: RHB Leo Navarro 0-0: Ball
1-0: Called Strike
1-1: Swinging Strike
1-2: Strikes out swinging
Pitching: RHP Jose Lopez
Batting: LHB Jack Christie 0-0: Ball
1-0: Ground out 5-3 (Groundball, 5S, EV 69.4 MPH)
Top of the 3rd over - 0 runs, 0 hits, 0 errors, 0 left on base; Chicago 4 - Minnesota 4
BOTTOM OF THE 3RD
Minnesota Twins batting - Pitching for Chicago White Sox : LHP Jaden Asante
Batting: RHB Jesse Scott 0-0: Ball
1-0: Ball
2-0: Called Strike
2-1: DOUBLE (Line Drive, 9LM, EV 105.0 MPH)
Batting: RHB José Molina 0-0: Called Strike
0-1: Foul Ball, location: 2F
0-2: Ball
1-2: Ball
2-2: Foul Ball, location: 2F
2-2: Ball
3-2: Base on Balls
Batting: RHB Jimmy Buzard 0-0: Ball
1-0: Foul Ball, location: 2F
1-1: Swinging Strike
1-2: Strikes out looking
Batting: RHB Yonetoshi Muranaka 0-0: Foul Ball, location: 2F
0-1: Grounds into double play, 5-4-3 (Groundball, 56, EV 88.8 MPH)
Bottom of the 3rd over - 0 runs, 1 hit, 0 errors, 1 left on base; Chicago 4 - Minnesota 4
TOP OF THE 4TH
Chicago White Sox batting - Pitching for Minnesota Twins : RHP Jose Lopez
Batting: RHB Jason Moss 0-0: Called Strike
0-1: Ball
1-1: Called Strike
1-2: Foul Ball, location: 2F
1-2: Strikes out swinging
Batting: SHB Eduardo Maldonado 0-0: Called Strike
0-1: Ball
1-1: Ground out 4-3 (Groundball, 4, EV 90.6 MPH)
Batting: LHB Antonio Figueroa 0-0: Called Strike
0-1: Ball
1-1: Swinging Strike
1-2: Foul Ball, location: 2F
1-2: Ball
2-2: Ball
3-2: Strikes out swinging
Top of the 4th over - 0 runs, 0 hits, 0 errors, 0 left on base; Chicago 4 - Minnesota 4
BOTTOM OF THE 4TH
Minnesota Twins batting - Pitching for Chicago White Sox : LHP Jaden Asante
Batting: LHB Gerardo Flores 0-0: Called Strike
0-1: Ball
1-1: Ball
2-1: Ground out 4-3 (Groundball, 4, EV 86.9 MPH)
Batting: RHB Brett Steele 0-0: Foul Ball, location: 2F
0-1: Ball
1-1: Ball
2-1: Ball
3-1: Foul Ball, location: 2F
3-2: Base on Balls
Batting: LHB Peer Derks 0-0: Ball
1-0: Foul Ball, location: 2F
1-1: Swinging Strike
1-2: Ball
2-2: Foul Ball, location: 2F
2-2: Strikes out swinging
Batting: LHB Joel Kunkler 0-0: Ball
1-0: Called Strike
Brett Steele steals 2nd base
1-1: Called Strike
1-2: Strikes out looking
Bottom of the 4th over - 0 runs, 0 hits, 0 errors, 1 left on base; Chicago 4 - Minnesota 4
TOP OF THE 5TH
Chicago White Sox batting - Pitching for Minnesota Twins : RHP Jose Lopez
Batting: SHB Dan Lash 0-0: Ball
1-0: SINGLE (Line Drive, 78M, EV 106.2 MPH)
Batting: RHB Steve Castleberry 0-0: Grounds into double play, 6-4-3 (Groundball, 6, EV 80.0 MPH)
Batting: RHB Joseph Disepolo 0-0: Ball
1-0: SOLO HOME RUN (Flyball, 7D, EV 98.8 MPH), Distance : 362 ft
Batting: LHB Randy Rosenberry 0-0: Ball
1-0: Called Strike
1-1: Foul Ball, location: 2F
1-2: Ball
2-2: Foul Ball, location: 2F
2-2: Foul Ball, location: 2F
2-2: Foul Ball, location: 2F
2-2: SINGLE (Flyball, 7LS, EV 96.2 MPH)
Batting: RHB Leo Navarro 0-0: Ball
1-0: Swinging Strike
1-1: Ball
2-1: DOUBLE (Line Drive, 9LM, EV 92.5 MPH)
Randy Rosenberry to third
Runner from 3rd tries for Home, SAFE, throw by RF to home
Batting: LHB Jack Christie 0-0: Called Strike
0-1: Fly out, F6 (Popup, 6M, EV 57.5 MPH)
Top of the 5th over - 2 runs, 4 hits, 0 errors, 1 left on base; Chicago 6 - Minnesota 4
BOTTOM OF THE 5TH
Minnesota Twins batting - Pitching for Chicago White Sox : LHP Jaden Asante
Batting: RHB Matthew Starr 0-0: Foul Ball, location: 2F
0-1: Ball
1-1: Fly out, F3 (Popup, 3F, EV 59.4 MPH)
Batting: RHB Jesse Scott 0-0: Ground out 6-3 (Groundball, 6, EV 86.9 MPH)
Batting: RHB José Molina 0-0: Ball
1-0: Foul Ball, location: 2F
1-1: Called Strike
1-2: Ball
2-2: Hit by Pitch
Batting: RHB Jimmy Buzard 0-0: Called Strike
0-1: Called Strike
0-2: Ball
1-2: Ball
2-2: Ball
3-2: Base on Balls
José Molina to second
Batting: RHB Yonetoshi Muranaka 0-0: Swinging Strike
0-1: Ball
1-1: Ground out 2-3 (Groundball, 2L, EV 71.9 MPH)
Bottom of the 5th over - 0 runs, 0 hits, 0 errors, 2 left on base; Chicago 6 - Minnesota 4
TOP OF THE 6TH
Chicago White Sox batting - Pitching for Minnesota Twins : RHP Jose Lopez
Batting: RHB Jason Moss 0-0: Ball
1-0: Foul Ball, location: 2F
1-1: Swinging Strike
1-2: Ball
2-2: Ground out 4-3 (Groundball, 4, EV 86.2 MPH)
Batting: SHB Eduardo Maldonado 0-0: Called Strike
0-1: SINGLE (Line Drive, 7S, EV 103.1 MPH)
Pitching: LHP Jim Storer
Batting: LHB Antonio Figueroa 0-0: SINGLE (Flyball, 8LS, EV 95.0 MPH)
Eduardo Maldonado to second
Batting: SHB Dan Lash 0-0: Swinging Strike
0-1: Swinging Strike
0-2: Strikes out looking
Batting: RHB Steve Castleberry 0-0: Ball
1-0: Ball
2-0: Called Strike
2-1: Ground out 4-3 (Groundball, 4, EV 104.4 MPH)
Top of the 6th over - 0 runs, 2 hits, 0 errors, 2 left on base; Chicago 6 - Minnesota 4
BOTTOM OF THE 6TH
Minnesota Twins batting - Pitching for Chicago White Sox : LHP Jaden Asante
Pitching: RHP Chris Rodgers
Batting: LHB Gerardo Flores 0-0: Hit by Pitch
Pinch Hitting: LHB Armando Rendon 0-0: Grounds into double play, 4-6-3 (Groundball, 4, EV 86.9 MPH)
Batting: LHB Peer Derks 0-0: Called Strike
0-1: Ball
1-1: Called Strike
1-2: SINGLE (Groundball, 56D, EV 109.4 MPH)
Batting: LHB Joel Kunkler 0-0: Ball
1-0: Ball
2-0: Ball
3-0: Base on Balls
Peer Derks to second
Batting: RHB Matthew Starr 0-0: Ball
1-0: Ball
2-0: Called Strike
2-1: 3-RUN HOME RUN (Flyball, 9D, EV 102.5 MPH), Distance : 395 ft
Pitching: RHP Jerry JimAnez
Batting: RHB Jesse Scott 0-0: Called Strike
0-1: Ball
1-1: Fly out, F7 (Flyball, 7LD, EV 99.4 MPH)
Bottom of the 6th over - 3 runs, 2 hits, 0 errors, 0 left on base; Chicago 6 - Minnesota 7
TOP OF THE 7TH
Chicago White Sox batting - Pitching for Minnesota Twins : LHP Jim Storer
Now at 3B: Armando Rendon
Batting: RHB Joseph Disepolo 0-0: Called Strike
0-1: Ball
1-1: Ball
2-1: Foul Ball, location: 2F
2-2: Ball
3-2: Foul Ball, location: 2F
3-2: Base on Balls
Batting: LHB Randy Rosenberry 0-0: Ball
1-0: Ball
2-0: Swinging Strike
2-1: Ball
Joseph Disepolo steals 2nd base
3-1: Called Strike
3-2: DOUBLE (Flyball, 89D, EV 105.0 MPH)
Joseph Disepolo scores
Batting: RHB Leo Navarro 0-0: DOUBLE (Flyball, 8LXD, EV 113.8 MPH)
Randy Rosenberry scores
Batting: LHB Jack Christie 0-0: Called Strike
0-1: Fly out, F6 (Popup, P, EV 80.0 MPH)
Batting: RHB Jason Moss 0-0: Called Strike
0-1: Foul Ball, location: 2F
0-2: Ground out 6-3 (Groundball, 6, EV 85.6 MPH)
Pitching: RHP Mark Case
Batting: SHB Eduardo Maldonado 0-0: Ball
1-0: Ground out 5-3 (Groundball, 56, EV 101.9 MPH)
Top of the 7th over - 2 runs, 2 hits, 0 errors, 1 left on base; Chicago 8 - Minnesota 7
BOTTOM OF THE 7TH
Minnesota Twins batting - Pitching for Chicago White Sox : RHP Jerry JimAnez
Batting: RHB José Molina 0-0: DOUBLE (Groundball, 5L, EV 102.5 MPH)
Batting: RHB Jimmy Buzard 0-0: Called Strike
0-1: Foul Ball, location: 2F
0-2: Foul Ball, location: 2F
0-2: Ball
1-2: Strikes out looking
Batting: RHB Yonetoshi Muranaka 0-0: Ground out 3-1 (Groundball, 34, EV 83.8 MPH)
José Molina to third
Batting: LHB Gerardo Flores 0-0: Called Strike
0-1: Ground out 6-3 (Groundball, 56, EV 105.0 MPH)
Bottom of the 7th over - 0 runs, 1 hit, 0 errors, 1 left on base; Chicago 8 - Minnesota 7
TOP OF THE 8TH
Chicago White Sox batting - Pitching for Minnesota Twins : RHP Mark Case
Batting: LHB Antonio Figueroa 0-0: Called Strike
0-1: Swinging Strike
0-2: Strikes out looking
Batting: SHB Dan Lash 0-0: Called Strike
0-1: Called Strike
0-2: Foul Ball, location: 2F
0-2: Strikes out swinging
Batting: RHB Steve Castleberry 0-0: Fly out, F5 (Popup, 56S, EV 64.4 MPH)
Top of the 8th over - 0 runs, 0 hits, 0 errors, 0 left on base; Chicago 8 - Minnesota 7
BOTTOM OF THE 8TH
Minnesota Twins batting - Pitching for Chicago White Sox : RHP Jerry JimAnez
Pitching: RHP Gerbrand van de Bilt
Now at 2B: Antonio Figueroa
Now at 3B: Charles Marcel
Batting: LHB Armando Rendon 0-0: Foul Ball, location: 2F
0-1: Ball
1-1: SINGLE (Line Drive, 3D, EV 95.6 MPH)
Batting: LHB Peer Derks 0-0: Foul Ball, location: 2F
0-1: Fly out, F4 (Popup, 4M, EV 75.6 MPH)
Batting: LHB Joel Kunkler 0-0: Ball
1-0: Foul Ball, location: 2F
1-1: Ball
2-1: Grounds into double play, 6-4-3 (Groundball, 56S, EV 92.5 MPH)
Bottom of the 8th over - 0 runs, 1 hit, 0 errors, 0 left on base; Chicago 8 - Minnesota 7
TOP OF THE 9TH
Chicago White Sox batting - Pitching for Minnesota Twins : RHP Mark Case
Pitching: RHP Isaac Slack
Batting: RHB Joseph Disepolo 0-0: Ball
1-0: Foul Ball, location: 2F
1-1: Ball
2-1: Ball
3-1: Called Strike
3-2: Strikes out swinging
Batting: LHB Randy Rosenberry 0-0: Fly out, F9 (Line Drive, 9, EV 88.1 MPH)
Batting: RHB Leo Navarro 0-0: Swinging Strike
0-1: Ball
1-1: Swinging Strike
1-2: Strikes out swinging
Top of the 9th over - 0 runs, 0 hits, 0 errors, 0 left on base; Chicago 8 - Minnesota 7
BOTTOM OF THE 9TH
Minnesota Twins batting - Pitching for Chicago White Sox : RHP Gerbrand van de Bilt
Batting: RHB Matthew Starr 0-0: DOUBLE (Line Drive, 9LS, EV 96.9 MPH)
Batting: RHB Jesse Scott 0-0: Foul Ball, location: 2F
0-1: Ball
1-1: Ball
2-1: Ball
3-1: Base on Balls
Batting: RHB José Molina 0-0: Called Strike
0-1: Ball
1-1: Swinging Strike
1-2: Ball
2-2: Strikes out swinging
Batting: RHB Jimmy Buzard 0-0: Fly out, F3 (Line Drive, 3, EV 75.6 MPH)
Batting: RHB Yonetoshi Muranaka 0-0: Ball
1-0: Called Strike
1-1: Called Strike
1-2: Ball
2-2: Foul Ball, location: 2F
2-2: Ball
3-2: Strikes out swinging
Bottom of the 9th over - 0 runs, 1 hit, 0 errors, 2 left on base; Chicago 8 - Minnesota 7
Wednesday, June 22nd , 2022 - OOTP Baseball 23.4 Build 64